TOP OF THE 1ST |
Utah Utes batting - Pitching for Oklahoma Sooners : LHP Craig Grant
|
Pitching: LHP Craig Grant
|
|
Batting: SHB Carlos Mesa
|
0-0: Called Strike 0-1: Ball 1-1: Foul Ball, location: 2F 1-2: Foul Ball, location: 2F 1-2: Ground out 6-3 (Groundball, 6)
|
Batting: RHB José Ayala
|
0-0: Ball 1-0: Ball 2-0: Ball 3-0: Base on Balls
|
Batting: SHB John May
|
0-0: Ball 1-0: Ball 2-0: Called Strike 2-1: Foul Ball, location: 2F 2-2: Ball 3-2: Base on Balls José Ayala to second
|
Batting: LHB Robby Bland
|
0-0: Ball 1-0: Foul Ball, location: 2F 1-1: Ball 2-1: Grounds into double play, 1-6-3 (Groundball, P)
|
Top of the 1st over - 0 run(s), 0 hit(s), 0 error(s), 1 left on base; Utah 0 - Oklahoma 0 |
BOTTOM OF THE 1ST |
Oklahoma Sooners batting - Pitching for Utah Utes : RHP Timothy Díaz
|
Pitching: RHP Timothy Díaz
|
|
Batting: SHB José Rojas
|
0-0: Called Strike 0-1: Ball 1-1: Called Strike 1-2: Ground out 4-3 (Groundball, 4)
|
Batting: LHB Mark Watson
|
0-0: Ball 1-0: Ball 2-0: Ball 3-0: Called Strike 3-1: Base on Balls
|
Batting: RHB Rafael Barajas
|
0-0: Ball Mark Watson steals 2nd base 1-0: Called Strike 1-1: Foul Ball, location: 2F 1-2: Ball 2-2: Fly out, F4 (Popup, 34D)
|
Batting: RHB Albert Morán
|
0-0: Ball 1-0: Ball 2-0: Called Strike 2-1: Foul Ball, location: 2F 2-2: SINGLE (Line Drive, 7S) Mark Watson to third Runner from 3rd tries for Home, SAFE, no throw
|
Batting: RHB Bryant Caldwell
|
0-0: Ball Albert Morán is caught stealing 2nd base
|
Bottom of the 1st over - 1 run(s), 1 hit(s), 0 error(s), 0 left on base; Utah 0 - Oklahoma 1 |
TOP OF THE 2ND |
Utah Utes batting - Pitching for Oklahoma Sooners : LHP Craig Grant
|
Batting: RHB Anthony O'Bryan
|
0-0: Fly out, F7 (Flyball, 7)
|
Batting: RHB Steve Welch
|
0-0: Ball 1-0: Ball 2-0: SINGLE (Flyball, 7S)
|
Batting: RHB Rafael Cardenas
|
0-0: Fly out, F7 (Flyball, 7)
|
Batting: RHB Kevin Hernández
|
0-0: Ball 1-0: Ball 2-0: DOUBLE (Line Drive, 9) Steve Welch to third Runner from 3rd tries for Home, SAFE, no throw
|
Batting: SHB Josh Conner
|
0-0: Swinging Strike 0-1: Swinging Strike 0-2: Ball 1-2: Ball 2-2: Strikes out swinging
|
Top of the 2nd over - 1 run(s), 2 hit(s), 0 error(s), 1 left on base; Utah 1 - Oklahoma 1 |
BOTTOM OF THE 2ND |
Oklahoma Sooners batting - Pitching for Utah Utes : RHP Timothy Díaz
|
Batting: RHB Bryant Caldwell
|
0-0: Ball 1-0: Ball 2-0: Ball 3-0: Called Strike 3-1: Base on Balls
|
Batting: SHB Allen King
|
0-0: Called Strike 0-1: Foul Ball, location: 2F 0-2: Ball 1-2: Ball Wild Pitch! Bryant Caldwell to second 2-2: Single, Error in OF, E7, batter to second base Bryant Caldwell scores
|
Batting: RHB Elliott Crouch
|
0-0: Foul Ball, location: 2F 0-1: Ball 1-1: Ball 2-1: Called Strike 2-2: Strikes out swinging
|
Batting: LHB Pancho Sardiña
|
0-0: Ball 1-0: Foul Ball, location: 2F 1-1: Ball 2-1: Swinging Strike 2-2: Ball 3-2: Foul Ball, location: 2F 3-2: Fly out, F8 (Flyball, 8LM)
|
Batting: RHB Andrés Macíal
|
0-0: Ball 1-0: Ball 2-0: Called Strike 2-1: Ball 3-1: Swinging Strike 3-2: Fly out, F6 (Line Drive, 6M)
|
Bottom of the 2nd over - 1 run(s), 1 hit(s), 1 error(s), 1 left on base; Utah 1 - Oklahoma 2 |
TOP OF THE 3RD |
Utah Utes batting - Pitching for Oklahoma Sooners : LHP Craig Grant
|
Batting: SHB Carlos Mesa
|
0-0: Called Strike 0-1: SINGLE (Flyball, 8RM)
|
Batting: RHB José Ayala
|
0-0: Called Strike 0-1: Swinging Strike 0-2: Foul Ball, location: 2F 0-2: Ball 1-2: Ball 2-2: Strikes out swinging
|
Batting: SHB John May
|
0-0: Ball 1-0: SINGLE (Flyball, 7LS) Carlos Mesa to second
|
Batting: LHB Robby Bland
|
0-0: Ball 1-0: Ball 2-0: Swinging Strike 2-1: Grounds into double play, 4-6-3 (Groundball, 4)
|
Top of the 3rd over - 0 run(s), 2 hit(s), 0 error(s), 1 left on base; Utah 1 - Oklahoma 2 |
BOTTOM OF THE 3RD |
Oklahoma Sooners batting - Pitching for Utah Utes : RHP Timothy Díaz
|
Batting: SHB José Rojas
|
0-0: Called Strike 0-1: Foul Ball, location: 2F 0-2: Ball 1-2: Ground out 6-3 (Groundball, 6M)
|
Batting: LHB Mark Watson
|
0-0: Foul Ball, location: 2F 0-1: Foul Ball, location: 2F 0-2: Strikes out swinging
|
Batting: RHB Rafael Barajas
|
0-0: Ball 1-0: SOLO HOME RUN (Flyball, 7LD), Distance : 332 ft
|
Batting: RHB Albert Morán
|
0-0: Fly out, F9 (Flyball, 89XD)
|
Bottom of the 3rd over - 1 run(s), 1 hit(s), 0 error(s), 0 left on base; Utah 1 - Oklahoma 3 |
TOP OF THE 4TH |
Utah Utes batting - Pitching for Oklahoma Sooners : LHP Craig Grant
|
Batting: RHB Anthony O'Bryan
|
0-0: Ball 1-0: Ball 2-0: Foul Ball, location: 2F 2-1: Foul Ball, location: 2F 2-2: Strikes out swinging
|
Batting: RHB Steve Welch
|
0-0: SINGLE (Line Drive, 6MD)
|
Batting: RHB Rafael Cardenas
|
0-0: Called Strike 0-1: Foul Ball, location: 2F 0-2: Ball 1-2: Ball 2-2: Foul Ball, location: 2F 2-2: Strikes out swinging
|
Batting: RHB Kevin Hernández
|
0-0: Ball 1-0: DOUBLE (Flyball, 78M) Steve Welch to third
|
Batting: SHB Josh Conner
|
0-0: Ball 1-0: 3-RUN HOME RUN (Flyball, 9D), Distance : 347 ft
|
Batting: SHB Carlos Mesa
|
0-0: Ball 1-0: Called Strike 1-1: Ball 2-1: Swinging Strike 2-2: Foul Ball, location: 2F 2-2: Fly out, F4 (Popup, 34D)
|
Top of the 4th over - 3 run(s), 3 hit(s), 0 error(s), 0 left on base; Utah 4 - Oklahoma 3 |
BOTTOM OF THE 4TH |
Oklahoma Sooners batting - Pitching for Utah Utes : RHP Timothy Díaz
|
Batting: RHB Bryant Caldwell
|
0-0: Ball 1-0: Ground out 5-3 (Groundball, 56S)
|
Batting: SHB Allen King
|
0-0: Called Strike 0-1: Swinging Strike 0-2: Ball 1-2: Strikes out swinging
|
Batting: RHB Elliott Crouch
|
0-0: Called Strike 0-1: Ball 1-1: Ball 2-1: Ball 3-1: SOLO HOME RUN (Flyball, 9D), Distance : 367 ft
|
Batting: LHB Pancho Sardiña
|
0-0: Called Strike 0-1: Fly out, F7 (Flyball, 7LS)
|
Bottom of the 4th over - 1 run(s), 1 hit(s), 0 error(s), 0 left on base; Utah 4 - Oklahoma 4 |
TOP OF THE 5TH |
Utah Utes batting - Pitching for Oklahoma Sooners : LHP Craig Grant
|
Batting: RHB José Ayala
|
0-0: Ground out 5-3 (Groundball, 56)
|
Batting: SHB John May
|
0-0: Ball 1-0: Called Strike 1-1: Called Strike 1-2: Strikes out swinging
|
Batting: LHB Robby Bland
|
0-0: Foul Ball, location: 2F 0-1: Ball 1-1: SINGLE (Line Drive, 8LS)
|
Batting: RHB Anthony O'Bryan
|
0-0: Foul Ball, location: 2F 0-1: Ball 1-1: Ball 2-1: Ball 3-1: Swinging Strike 3-2: Base on Balls Robby Bland to second
|
Pitching: RHP Bob Pate
|
|
Batting: RHB Steve Welch
|
0-0: Fielders Choice at 2nd, 6-4 (Groundball, 6)
|
Top of the 5th over - 0 run(s), 1 hit(s), 0 error(s), 1 left on base; Utah 4 - Oklahoma 4 |
BOTTOM OF THE 5TH |
Oklahoma Sooners batting - Pitching for Utah Utes : RHP Timothy Díaz
|
Batting: RHB Andrés Macíal
|
0-0: Ball 1-0: Called Strike 1-1: Ball 2-1: Ball 3-1: Fly out, F7 (Flyball, 7)
|
Batting: SHB José Rojas
|
0-0: Fly out, F4 (Popup, 4D)
|
Batting: LHB Mark Watson
|
0-0: Ball 1-0: Ball 2-0: Foul Ball, location: 2F 2-1: Foul Ball, location: 2F 2-2: Foul Ball, location: 2F 2-2: Ball 3-2: Ground out U3 (Groundball, 34)
|
Bottom of the 5th over - 0 run(s), 0 hit(s), 0 error(s), 0 left on base; Utah 4 - Oklahoma 4 |
TOP OF THE 6TH |
Utah Utes batting - Pitching for Oklahoma Sooners : RHP Bob Pate
|
Batting: RHB Rafael Cardenas
|
0-0: Ball 1-0: Swinging Strike 1-1: Ball 2-1: Foul Ball, location: 2F 2-2: Ball 3-2: Ground out 6-3 (Groundball, 6)
|
Batting: RHB Kevin Hernández
|
0-0: Called Strike 0-1: Foul Ball, location: 2F 0-2: Ground out 6-3 (Groundball, 6M)
|
Batting: SHB Josh Conner
|
0-0: Ball 1-0: Ball 2-0: Ball 3-0: Called Strike 3-1: Foul Ball, location: 2F 3-2: Base on Balls
|
Batting: SHB Carlos Mesa
|
0-0: Fielders Choice at 2nd, 4-6 (Groundball, 4)
|
Top of the 6th over - 0 run(s), 0 hit(s), 0 error(s), 0 left on base; Utah 4 - Oklahoma 4 |
BOTTOM OF THE 6TH |
Oklahoma Sooners batting - Pitching for Utah Utes : RHP Timothy Díaz
|
Pitching: RHP Carl Williamson
|
|
Batting: RHB Rafael Barajas
|
0-0: Foul Ball, location: 2F 0-1: Foul Ball, location: 2F 0-2: Fly out, F7 (Flyball, 7)
|
Batting: RHB Albert Morán
|
0-0: Ball 1-0: Ball 2-0: Ball 3-0: Base on Balls
|
Batting: RHB Bryant Caldwell
|
0-0: Ball 1-0: Ball 2-0: Fly out, F7 (Flyball, 78M)
|
Batting: SHB Allen King
|
0-0: Called Strike 0-1: Swinging Strike 0-2: Ball Albert Morán is caught stealing 2nd base
|
Bottom of the 6th over - 0 run(s), 0 hit(s), 0 error(s), 0 left on base; Utah 4 - Oklahoma 4 |
TOP OF THE 7TH |
Utah Utes batting - Pitching for Oklahoma Sooners : RHP Bob Pate
|
Batting: RHB José Ayala
|
0-0: Single, Error in OF, E7, batter to second base
|
Batting: SHB John May
|
0-0: Intentional Walk
|
Pitching: LHP Armando Durán
|
|
Batting: LHB Robby Bland
|
0-0: Fly out, F9 (Flyball, 9)
|
Pitching: RHP Andrew McCarthy
|
|
Pinch Runner at 2nd Leo Snyder:
|
|
Batting: RHB Anthony O'Bryan
|
0-0: Ball 1-0: Ball 2-0: Foul Ball, location: 2F 2-1: Foul Ball, location: 2F 2-2: Strikes out swinging
|
Pinch Hitting: LHB Thad Green
|
0-0: Ball 1-0: Fielders Choice at 2nd, 5-4 (Groundball, 5D)
|
Top of the 7th over - 0 run(s), 1 hit(s), 1 error(s), 1 left on base; Utah 4 - Oklahoma 4 |
BOTTOM OF THE 7TH |
Oklahoma Sooners batting - Pitching for Utah Utes : RHP Carl Williamson
|
Now in CF: Jason King
|
|
Now in RF: Thad Green
|
|
Batting: SHB Allen King
|
0-0: Called Strike 0-1: Ball 1-1: Ball 2-1: SINGLE (Groundball, 4MD)
|
Batting: RHB Elliott Crouch
|
0-0: Ball 1-0: Ball 2-0: Bunted foul 2-1: Sac Bunt - play at first, batter OUT! 5-4 Allen King to second
|
Pitching: LHP Franklin O'Morchoe
|
|
Pinch Hitting: RHB Matt Snow
|
0-0: Ball 1-0: Ball 2-0: Called Strike 2-1: Ball 3-1: Foul Ball, location: 2F 3-2: Base on Balls
|
Pitching: RHP Anderson Corrigan
|
|
Batting: RHB Andrés Macíal
|
0-0: Called Strike 0-1: Foul Ball, location: 2F 0-2: Ball 1-2: Grounds into double play, 5-4-3 (Groundball, 56)
|
Bottom of the 7th over - 0 run(s), 1 hit(s), 0 error(s), 1 left on base; Utah 4 - Oklahoma 4 |
TOP OF THE 8TH |
Utah Utes batting - Pitching for Oklahoma Sooners : RHP Andrew McCarthy
|
Now in CF: Ambrosio Hernández
|
|
Batting: RHB Rafael Cardenas
|
0-0: Ball 1-0: Called Strike 1-1: Foul Ball, location: 2F 1-2: Foul Ball, location: 2F 1-2: Foul Ball, location: 2F 1-2: Strikes out swinging
|
Batting: RHB Kevin Hernández
|
0-0: Foul Ball, location: 2F 0-1: Foul Ball, location: 2F 0-2: Strikes out looking
|
Batting: SHB Josh Conner
|
0-0: Ball 1-0: Ball 2-0: SINGLE (Groundball, 34D)
|
Batting: SHB Carlos Mesa
|
0-0: Called Strike 0-1: Foul Ball, location: 2F 0-2: Ball 1-2: Fly out, F7 (Line Drive, 78S)
|
Top of the 8th over - 0 run(s), 1 hit(s), 0 error(s), 1 left on base; Utah 4 - Oklahoma 4 |
BOTTOM OF THE 8TH |
Oklahoma Sooners batting - Pitching for Utah Utes : RHP Anderson Corrigan
|
Batting: SHB José Rojas
|
0-0: Ball 1-0: Called Strike 1-1: Ground out 5-3 (Groundball, 5)
|
Batting: LHB Mark Watson
|
0-0: Ball 1-0: Called Strike 1-1: Fly out, F9 (Flyball, 89M)
|
Batting: RHB Rafael Barajas
|
0-0: Ball 1-0: Called Strike 1-1: Fly out, F8 (Flyball, 8RM)
|
Bottom of the 8th over - 0 run(s), 0 hit(s), 0 error(s), 0 left on base; Utah 4 - Oklahoma 4 |
TOP OF THE 9TH |
Utah Utes batting - Pitching for Oklahoma Sooners : RHP Andrew McCarthy
|
Pitching: RHP Valentín Pérez
|
|
Batting: LHB Jason King
|
0-0: Called Strike 0-1: Called Strike 0-2: Strikes out swinging
|
Batting: SHB John May
|
0-0: Ball 1-0: Ball 2-0: Ball 3-0: Called Strike 3-1: Base on Balls
|
Batting: LHB Robby Bland
|
0-0: Swinging Strike 0-1: Swinging Strike 0-2: Foul Ball, location: 2F 0-2: Foul Ball, location: 2F 0-2: Foul Ball, location: 2F 0-2: Ball 1-2: Ball 2-2: Ball 3-2: Foul Ball, location: 2F 3-2: Strikes out swinging
|
Batting: RHB Anthony O'Bryan
|
0-0: Called Strike 0-1: Ball 1-1: Called Strike 1-2: Ball 2-2: Ball 3-2: Ground out 6-3 (Groundball, 56)
|
Top of the 9th over - 0 run(s), 0 hit(s), 0 error(s), 1 left on base; Utah 4 - Oklahoma 4 |
BOTTOM OF THE 9TH |
Oklahoma Sooners batting - Pitching for Utah Utes : RHP Anderson Corrigan
|
Pitching: RHP Bruno Poulin
|
|
Batting: RHB Albert Morán
|
0-0: Called Strike 0-1: Ball 1-1: SINGLE (Flyball, 78S)
|
Batting: RHB Bryant Caldwell
|
0-0: Called Strike 0-1: Fly out, F2 (Popup, 56S)
|
Batting: SHB Allen King
|
0-0: Called Strike 0-1: Ball 1-1: Called Strike 1-2: Ball 2-2: SINGLE (Groundball, 34) (infield hit) Albert Morán to second
|
Batting: RHB Elliott Crouch
|
0-0: Ball 1-0: Ball Albert Morán steals 3rd base Allen King to second 2-0: Intentional Walk
|
Batting: RHB Ambrosio Hernández
|
0-0: Foul Ball, location: 2F 0-1: Ball 1-1: Ball 2-1: Foul Ball, location: 2F 2-2: Foul Ball, location: 2F 2-2: Strikes out looking
|
Batting: RHB Andrés Macíal
|
0-0: Ball 1-0: Swinging Strike 1-1: Swinging Strike 1-2: Strikes out swinging
|
Bottom of the 9th over - 0 run(s), 2 hit(s), 0 error(s), 3 left on base; Utah 4 - Oklahoma 4 |
TOP OF THE 10TH |
Utah Utes batting - Pitching for Oklahoma Sooners : RHP Valentín Pérez
|
Batting: LHB Thad Green
|
0-0: Ball 1-0: Called Strike 1-1: Ball 2-1: Ball 3-1: Ground out 1-3 (Groundball, 15S)
|
Batting: RHB Rafael Cardenas
|
0-0: Swinging Strike 0-1: Called Strike 0-2: Strikes out swinging
|
Batting: RHB Kevin Hernández
|
0-0: Ground out 2-3 (Groundball, 2R)
|
Top of the 10th over - 0 run(s), 0 hit(s), 0 error(s), 0 left on base; Utah 4 - Oklahoma 4 |
BOTTOM OF THE 10TH |
Oklahoma Sooners batting - Pitching for Utah Utes : RHP Bruno Poulin
|
Batting: SHB José Rojas
|
0-0: Ball 1-0: Fly out, F8 (Flyball, 8LM)
|
Batting: LHB Mark Watson
|
0-0: Ball 1-0: Ball 2-0: Swinging Strike 2-1: Fly out, F7 (Flyball, 7S)
|
Batting: RHB Rafael Barajas
|
0-0: Ball 1-0: Foul Ball, location: 2F 1-1: Fly out, F8 (Flyball, 8LS)
|
Bottom of the 10th over - 0 run(s), 0 hit(s), 0 error(s), 0 left on base; Utah 4 - Oklahoma 4 |
TOP OF THE 11TH |
Utah Utes batting - Pitching for Oklahoma Sooners : RHP Valentín Pérez
|
Pitching: RHP Thomas Kemp
|
|
Batting: SHB Josh Conner
|
0-0: Foul Ball, location: 2F 0-1: Ball 1-1: Ball 2-1: Foul Ball, location: 2F 2-2: Strikes out swinging
|
Pinch Hitting: SHB Jeff Mann
|
0-0: Called Strike 0-1: Swinging Strike 0-2: Ball 1-2: Ball 2-2: Ball 3-2: Base on Balls
|
Batting: LHB Jason King
|
0-0: Ball 1-0: Ball 2-0: Foul Ball, location: 2F 2-1: Fielders Choice at 2nd, 1-4 (Groundball, 15)
|
Batting: SHB John May
|
0-0: Called Strike 0-1: Called Strike 0-2: Ball 1-2: Strikes out swinging
|
Top of the 11th over - 0 run(s), 0 hit(s), 0 error(s), 1 left on base; Utah 4 - Oklahoma 4 |
BOTTOM OF THE 11TH |
Oklahoma Sooners batting - Pitching for Utah Utes : RHP Bruno Poulin
|
Pitching: RHP Jeff Pope
|
|
Now in LF: Randy Banks
|
|
Batting: RHB Albert Morán
|
0-0: SINGLE (Flyball, 8LS)
|
Batting: RHB Bryant Caldwell
|
0-0: Ball 1-0: Ball Albert Morán steals 2nd base 2-0: Intentional Walk
|
Batting: SHB Allen King
|
0-0: Called Strike 0-1: Ball 1-1: Ball 2-1: Foul Ball, location: 2F 2-2: Ball 3-2: Fielders Choice at 2nd, 1-6 (Groundball, 13) Albert Morán to third
|
Batting: RHB Elliott Crouch
|
0-0: Grounds into double play, 1-6-3 (Groundball, 13)
|
Bottom of the 11th over - 0 run(s), 1 hit(s), 0 error(s), 1 left on base; Utah 4 - Oklahoma 4 |
TOP OF THE 12TH |
Utah Utes batting - Pitching for Oklahoma Sooners : RHP Thomas Kemp
|
Batting: LHB Robby Bland
|
0-0: Called Strike 0-1: SOLO HOME RUN (Flyball, 78XD), Distance : 377 ft
|
Batting: RHB Anthony O'Bryan
|
0-0: Called Strike 0-1: Ball 1-1: Swinging Strike 1-2: Ball 2-2: Foul Ball, location: 2F 2-2: Strikes out looking
|
Batting: LHB Thad Green
|
0-0: Ball 1-0: Ground out 2-3 (Groundball, 2L)
|
Batting: RHB Rafael Cardenas
|
0-0: Ball 1-0: DOUBLE (Flyball, 8LXD) - OUT at third base trying to stretch hit.
|
Top of the 12th over - 1 run(s), 2 hit(s), 0 error(s), 0 left on base; Utah 5 - Oklahoma 4 |
BOTTOM OF THE 12TH |
Oklahoma Sooners batting - Pitching for Utah Utes : RHP Jeff Pope
|
Batting: RHB Ambrosio Hernández
|
0-0: Ball 1-0: Ball 2-0: Called Strike 2-1: Swinging Strike 2-2: Ball 3-2: Strikes out swinging
|
Batting: RHB Andrés Macíal
|
0-0: Ball 1-0: Called Strike 1-1: Ball 2-1: SOLO HOME RUN (Line Drive, 7LD), Distance : 318 ft
|
Batting: SHB José Rojas
|
0-0: Foul Ball, location: 2F 0-1: Called Strike 0-2: Ball 1-2: Foul Ball, location: 2F 1-2: Ball 2-2: Ball 3-2: Foul Ball, location: 2F 3-2: Base on Balls
|
Batting: LHB Mark Watson
|
0-0: Called Strike 0-1: Ball 1-1: Ball 2-1: Foul Ball, location: 2F 2-2: SINGLE (Flyball, 8LS) José Rojas to second
|
Batting: RHB Rafael Barajas
|
0-0: Swinging Strike 0-1: Called Strike 0-2: Strikes out swinging
|
Batting: RHB Albert Morán
|
0-0: Called Strike 0-1: Swinging Strike 0-2: Foul Ball, location: 2F 0-2: Strikes out swinging
|
Bottom of the 12th over - 1 run(s), 2 hit(s), 0 error(s), 2 left on base; Utah 5 - Oklahoma 5 |
TOP OF THE 13TH |
Utah Utes batting - Pitching for Oklahoma Sooners : RHP Thomas Kemp
|
Batting: RHB Kevin Hernández
|
0-0: Fly out, F7 (Flyball, 7S)
|
Batting: SHB Josh Conner
|
0-0: Swinging Strike 0-1: Called Strike 0-2: Strikes out swinging, 2-3 out at first.
|
Batting: RHB Randy Banks
|
0-0: Called Strike 0-1: Swinging Strike 0-2: Ball 1-2: Ball 2-2: SINGLE (Flyball, 3D)
|
Batting: LHB Jason King
|
0-0: Ball Randy Banks steals 2nd base 1-0: Fly out, F9 (Flyball, 89S)
|
Top of the 13th over - 0 run(s), 1 hit(s), 0 error(s), 1 left on base; Utah 5 - Oklahoma 5 |
BOTTOM OF THE 13TH |
Oklahoma Sooners batting - Pitching for Utah Utes : RHP Jeff Pope
|
Pitching: RHP Albert Cole
|
|
Batting: RHB Bryant Caldwell
|
0-0: Ball 1-0: Called Strike 1-1: Swinging Strike 1-2: Ball 2-2: Fly out, F7 (Line Drive, 78M)
|
Batting: SHB Allen King
|
0-0: Ball 1-0: Ball 2-0: Foul Ball, location: 2F 2-1: Called Strike 2-2: Strikes out swinging
|
Batting: RHB Elliott Crouch
|
0-0: Called Strike 0-1: Swinging Strike 0-2: Ball 1-2: Ground out 5-3 (Groundball, 56S)
|
Bottom of the 13th over - 0 run(s), 0 hit(s), 0 error(s), 0 left on base; Utah 5 - Oklahoma 5 |
TOP OF THE 14TH |
Utah Utes batting - Pitching for Oklahoma Sooners : RHP Thomas Kemp
|
Batting: SHB John May
|
0-0: Called Strike 0-1: Foul Ball, location: 2F 0-2: Ball 1-2: Ball 2-2: Ball 3-2: Strikes out swinging
|
Batting: LHB Robby Bland
|
0-0: Ball 1-0: Ball 2-0: SINGLE (Groundball, 3D)
|
Batting: RHB Anthony O'Bryan
|
0-0: Grounds into double play, 6-4-3 (Groundball, 6)
|
Top of the 14th over - 0 run(s), 1 hit(s), 0 error(s), 0 left on base; Utah 5 - Oklahoma 5 |
BOTTOM OF THE 14TH |
Oklahoma Sooners batting - Pitching for Utah Utes : RHP Albert Cole
|
Batting: RHB Ambrosio Hernández
|
0-0: Foul Ball, location: 2F 0-1: Ball 1-1: SINGLE (Groundball, 4MD)
|
Batting: RHB Andrés Macíal
|
0-0: Ball 1-0: Ball 2-0: Ball 3-0: Called Strike 3-1: Bunted foul 3-2: Fly out, F8 (Flyball, 8RM)
|
Batting: SHB José Rojas
|
0-0: Called Strike 0-1: Ball 1-1: Ball 2-1: Foul Ball, location: 2F 2-2: Foul Ball, location: 2F 2-2: Ball 3-2: SINGLE (Groundball, 56D) Ambrosio Hernández to second
|
Batting: LHB Mark Watson
|
0-0: Ball 1-0: Ball 2-0: Ball 3-0: Base on Balls Ambrosio Hernández to third José Rojas to second
|
Batting: RHB Rafael Barajas
|
0-0: Ball 1-0: Ball 2-0: Ball 3-0: Swinging Strike 3-1: Called Strike 3-2: Strikes out looking
|
Batting: RHB Albert Morán
|
0-0: Foul Ball, location: 2F 0-1: Fly out, F8 (Line Drive, 8RD)
|
Bottom of the 14th over - 0 run(s), 2 hit(s), 0 error(s), 3 left on base; Utah 5 - Oklahoma 5 |
TOP OF THE 15TH |
Utah Utes batting - Pitching for Oklahoma Sooners : RHP Thomas Kemp
|
Batting: LHB Thad Green
|
0-0: Swinging Strike 0-1: Ball 1-1: Swinging Strike 1-2: Strikes out looking
|
Batting: RHB Rafael Cardenas
|
0-0: Ball 1-0: Ball 2-0: Ground out 5-3 (Groundball, 56)
|
Batting: RHB Kevin Hernández
|
0-0: Foul Ball, location: 2F 0-1: Ball 1-1: Swinging Strike 1-2: Strikes out swinging
|
Top of the 15th over - 0 run(s), 0 hit(s), 0 error(s), 0 left on base; Utah 5 - Oklahoma 5 |
BOTTOM OF THE 15TH |
Oklahoma Sooners batting - Pitching for Utah Utes : RHP Albert Cole
|
Batting: RHB Bryant Caldwell
|
0-0: Ground out 5-3 (Groundball, 56S)
|
Batting: SHB Allen King
|
0-0: Called Strike 0-1: Ball 1-1: Foul Ball, location: 2F 1-2: Strikes out swinging
|
Batting: RHB Elliott Crouch
|
0-0: Ground out 6-3 (Groundball, 6)
|
Bottom of the 15th over - 0 run(s), 0 hit(s), 0 error(s), 0 left on base; Utah 5 - Oklahoma 5 |
TOP OF THE 16TH |
Utah Utes batting - Pitching for Oklahoma Sooners : RHP Thomas Kemp
|
Pitching: RHP Edgardo Rodríguez
|
|
Batting: SHB Josh Conner
|
0-0: Called Strike 0-1: Foul Ball, location: 2F 0-2: Ground out 6-3 (Groundball, 6)
|
Batting: RHB Randy Banks
|
0-0: Ball 1-0: Reached on error, E4 (Popup, 4)
|
Batting: LHB Jason King
|
0-0: Ground out 4-3 (Groundball, 4S) Randy Banks to second
|
Batting: SHB John May
|
0-0: Swinging Strike 0-1: Fly out, F8 (Flyball, 8LXD)
|
Top of the 16th over - 0 run(s), 0 hit(s), 1 error(s), 1 left on base; Utah 5 - Oklahoma 5 |
BOTTOM OF THE 16TH |
Oklahoma Sooners batting - Pitching for Utah Utes : RHP Albert Cole
|
Batting: RHB Ambrosio Hernández
|
0-0: Called Strike 0-1: Ball 1-1: Ground out 5-3 (Groundball, 56)
|
Batting: RHB Andrés Macíal
|
0-0: Ball 1-0: Foul Ball, location: 2F 1-1: Reached on error, E5 (Groundball, 5L)
|
Batting: SHB José Rojas
|
0-0: Called Strike 0-1: Ball Andrés Macíal is caught stealing 2nd base 1-1: Swinging Strike 1-2: SINGLE (Line Drive, 6MD)
|
Batting: LHB Mark Watson
|
0-0: Ball 1-0: Swinging Strike 1-1: Ball 2-1: Ball 3-1: Foul Ball, location: 2F 3-2: Ground out 1-3 (Groundball, P)
|
Bottom of the 16th over - 0 run(s), 1 hit(s), 1 error(s), 1 left on base; Utah 5 - Oklahoma 5 |
TOP OF THE 17TH |
Utah Utes batting - Pitching for Oklahoma Sooners : RHP Edgardo Rodríguez
|
Batting: LHB Robby Bland
|
0-0: Ball 1-0: SINGLE (Line Drive, 9S)
|
Batting: RHB Anthony O'Bryan
|
0-0: Ball 1-0: Ball 2-0: Fly out, F7 (Line Drive, 7)
|
Batting: LHB Thad Green
|
0-0: Called Strike 0-1: Called Strike 0-2: Foul Ball, location: 2F 0-2: Foul Ball, location: 2F 0-2: Ball 1-2: Ball 2-2: Ball 3-2: Fly out, F8 (Flyball, 8RS)
|
Batting: RHB Rafael Cardenas
|
0-0: Called Strike 0-1: Foul Ball, location: 2F 0-2: Ball 1-2: Foul Ball, location: 2F 1-2: Ball 2-2: Strikes out swinging
|
Top of the 17th over - 0 run(s), 1 hit(s), 0 error(s), 1 left on base; Utah 5 - Oklahoma 5 |
BOTTOM OF THE 17TH |
Oklahoma Sooners batting - Pitching for Utah Utes : RHP Albert Cole
|
Batting: RHB Rafael Barajas
|
0-0: Called Strike 0-1: Foul Ball, location: 2F 0-2: Foul Ball, location: 2F 0-2: Strikes out swinging, 2-3 out at first.
|
Pitching: RHP Mike Smith
|
|
Batting: RHB Albert Morán
|
0-0: Ball 1-0: Foul Ball, location: 2F 1-1: Foul Ball, location: 2F 1-2: SINGLE (Flyball, 89S)
|
Batting: RHB Bryant Caldwell
|
0-0: Called Strike 0-1: Ball 1-1: Foul Ball, location: 2F 1-2: SINGLE (Groundball, 56D) Albert Morán to second
|
Batting: SHB Allen King
|
0-0: Called Strike 0-1: Swinging Strike 0-2: Foul Ball, location: 2F 0-2: Ball 1-2: Fly out, F7 (Flyball, 7)
|
Batting: RHB Elliott Crouch
|
0-0: Ball 1-0: 3-RUN HOME RUN (Flyball, 7LD), Distance : 329 ft
|
Tuesday, August 8th, 2017 - OOTP Baseball 17.12 Build 75
|
|